[Event "December 12 Early 2023"]
[Site "https://www.chess.com"]
[Date "2023.12.12"]
[Round "1"]
[White "Koellner, Ruben Gideon"]
[Black "Mesa Cruz, Juan Carlos"]
[Result "1-0"]
[Board "139"]
[TimeControl "180+1"]
[WhiteFideId "12993093"]
[BlackFideId "6423400"]
[WhiteElo "2648"]
[BlackElo "2354"]
[WhiteTeam "GER"]
[BlackTeam "DOM"]
[WhiteClock "0:01:04"]
[BlackClock "0:00:22"]

1. d4 Nf6 2. Nf3 d5 3. e3 e6 4. Nbd2 b6 5. Ne5 Bd6 6. Bd3 O-O 7. f4 Ba6 8. O-O Bxd3 9. cxd3 c5 10. dxc5 bxc5 11. b3 Nfd7 12. Bb2 f6 13. Nxd7 Nxd7 14. e4 Qc7 15. Qf3 Nb6 16. Rac1 Rad8 17. Qg3 a5 18. e5 fxe5 19. fxe5 Be7 20. Nf3 a4 21. Qg4 Qd7 22. Ba3 Rc8 23. Rc2 axb3 24. axb3 Rf5 25. Rfc1 Qb5 26. Nd4 cxd4 27. Rxc8+ Nxc8 28. Rxc8+ Rf8 29. Qxe6+ Kh8 30. Bxe7 1-0

[Event "December 12 Early 2023"]
[Site "https://www.chess.com"]
[Date "2023.12.12"]
[Round "1"]
[White "Luukkonen, Tommi"]
[Black "Seemann, Jakub"]
[Result "0-1"]
[Board "140"]
[TimeControl "180+1"]
[WhiteFideId "501808"]
[BlackFideId "21874697"]
[WhiteElo "2353"]
[BlackElo "2647"]
[WhiteTeam "FIN"]
[BlackTeam "POL"]
[WhiteClock "0:00:12"]
[BlackClock "0:00:06"]

1. d4 Nf6 2. c4 c6 3. Nc3 d5 4. e3 e6 5. Nf3 Nbd7 6. Qc2 Bd6 7. g4 Bb4 8. h3 O-O 9. Bd2 Re8 10. O-O-O a5 11. Kb1 Bxc3 12. Bxc3 Ne4 13. Be1 b6 14. Bd3 Ba6 15. Nd2 Nxd2+ 16. Bxd2 Nf6 17. f3 dxc4 18. Bxc4 Bxc4 19. Qxc4 Qd5 20. Qe2 a4 21. e4 Qxd4 22. Bc3 Qc5 23. f4 a3 24. g5 axb2 25. Bxb2 Nh5 26. Qxh5 Rxa2 27. Kxa2 Qc2 28. Qf3 Ra8+ 29. Qa3 Rxa3+ 30. Kxa3 Qc5+ 31. Ka2 Qc4+ 32. Kb1 Qxe4+ 33. Kc1 Qxf4+ 34. Rd2 Qxg5 35. h4 Qc5+ 36. Kb1 h5 37. Rhd1 Qf5+ 38. Kc1 f6 39. Rd7 Qf4+ 40. R1d2 e5 41. Rc7 e4 42. Kc2 Qxc7 43. Rg2 Kh7 44. Re2 Qf4 45. Bd4 Qf3 46. Re3 Qf2+ 47. Kc3 Qf4 48. Bxb6 f5 49. Kd4 Qf1 50. Bc5 Qd1+ 51. Kc3 Qd5 52. Bd4 c5 0-1

[Event "December 12 Early 2023"]
[Site "https://www.chess.com"]
[Date "2023.12.12"]
[Round "1"]
[White "Agibileg, Uurtsaikh"]
[Black "Diaz, Fernando"]
[Result "1-0"]
[Board "141"]
[TimeControl "180+1"]
[WhiteFideId "4901606"]
[BlackFideId "3701255"]
[WhiteElo "2645"]
[BlackElo "2353"]
[WhiteTeam "MGL"]
[BlackTeam "PAR"]
[WhiteClock "0:00:09"]
[BlackClock "0:00:00"]

1. d4 e5 2. dxe5 d6 3. e4 Nc6 4. Bb5 Bd7 5. exd6 Bxd6 6. Nf3 Qe7 7. O-O O-O-O 8. Qe2 Nf6 9. Re1 Ne5 10. Bxd7+ Nfxd7 11. Nc3 h6 12. Nd5 Qe6 13. Nd4 Qg4 14. Qxg4 Nxg4 15. h3 Ngf6 16. Nf5 Bf8 17. Bf4 Nxd5 18. exd5 Nb6 19. c4 Nxc4 20. Rac1 Nd6 21. Ne7+ Kd7 22. Bxd6 cxd6 23. Nf5 g6 24. Ne3 Bg7 25. b3 Rc8 26. Nc4 Rhe8 27. Kf1 Rxe1+ 28. Rxe1 Rc5 29. Rd1 Rc8 30. Ke2 Re8+ 31. Kd3 f5 32. g3 Re4 33. f3 Rd4+ 34. Ke2 Rxd1 35. Kxd1 Be5 36. g4 fxg4 37. fxg4 Bd4 38. Ke2 Ke7 39. Kd3 Bc5 40. Ke4 Kf6 41. Nb2 h5 42. Nd3 Bb6 43. Kf4 Bd4 44. g5+ Kf7 45. Ne1 Ke7 46. Nf3 Bb2 47. Ke4 Kf7 48. Kd3 Ke7 49. Kc4 Kd7 50. Nh4 Bc1 51. Nxg6 Bxg5 52. Kd3 Ke8 53. Ke4 Kf7 54. Kf5 Bd8 55. Nf4 Ba5 56. Nxh5 Bc3 57. Nf4 Be5 58. Ng6 Bg3 59. h4 Kg7 60. Kg5 Be1 61. h5 Bd2+ 62. Kf5 Kh6 63. Kg4 Bc1 64. Ne7 Ba3 65. Nf5+ Kh7 66. Kg5 Bc1+ 67. Kf6 Ba3 68. Ke6 1-0

[Event "December 12 Early 2023"]
[Site "https://www.chess.com"]
[Date "2023.12.12"]
[Round "1"]
[White "Jakubowska, Anna"]
[Black "Smirnov, Alexandr A."]
[Result "0-1"]
[Board "142"]
[TimeControl "180+1"]
[WhiteFideId "1121952"]
[BlackFideId "24104396"]
[WhiteElo "2352"]
[BlackElo "2645"]
[WhiteTeam "POL"]
[BlackTeam "RUS"]
[WhiteClock "0:00:09"]
[BlackClock "0:01:00"]

1. e4 c5 2. Nc3 Nc6 3. g3 g6 4. Bg2 Bg7 5. d3 Nf6 6. f4 d6 7. h3 O-O 8. Nf3 Rb8 9. O-O b5 10. Be3 b4 11. Ne2 a5 12. g4 e6 13. Qd2 Nd7 14. Rab1 Bb7 15. h4 f5 16. g5 e5 17. exf5 Rxf5 18. Ng3 Rf7 19. h5 Qe7 20. Nh4 exf4 21. Bxf4 Nce5 22. Bxb7 Rxb7 23. hxg6 hxg6 24. Qg2 Rb8 25. Ne4 Rbf8 26. Bd2 d5 27. Nf6+ Nxf6 28. gxf6 Rxf6 29. Qxd5+ Kh7 30. Qh1 Kg8 31. Qd5+ Qf7 32. Qxf7+ R8xf7 33. Rxf6 Bxf6 34. Re1 Re7 35. Rxe5 Bxe5 36. c3 bxc3 37. bxc3 Kg7 38. Kf1 Bf6 39. Nf3 a4 40. Kf2 Rb7 41. d4 cxd4 42. cxd4 Rb2 43. Ke3 Rxa2 44. d5 Ra3+ 45. Ke4 Rb3 46. d6 a3 47. d7 a2 48. Bg5 Bxg5 49. Nxg5 Rb8 50. Ne6+ Kf6 0-1

[Event "December 12 Early 2023"]
[Site "https://www.chess.com"]
[Date "2023.12.12"]
[Round "1"]
[White "Boyer, Mahel"]
[Black "Gallegos Diaz, Carlos Alberto"]
[Result "1-0"]
[Board "143"]
[TimeControl "180+1"]
[WhiteFideId "45102422"]
[BlackFideId "3900886"]
[WhiteElo "2645"]
[BlackElo "2352"]
[WhiteTeam "FRA"]
[BlackTeam "VEN"]
[WhiteClock "0:00:01"]
[BlackClock "0:00:00"]

1. e4 d6 2. d4 Nf6 3. Nc3 c6 4. Nf3 Qa5 5. Bd3 e5 6. O-O Be7 7. h3 O-O 8. Be3 Re8 9. a4 Nbd7 10. Nd2 h6 11. Nc4 Qc7 12. a5 Bf8 13. Qf3 exd4 14. Bxd4 Ne5 15. Nxe5 dxe5 16. Be3 Nd7 17. Bc4 Nc5 18. Rfd1 Be6 19. Qe2 Rad8 20. Bxe6 Rxd1+ 21. Rxd1 Nxe6 22. a6 b6 23. Qg4 g6 24. Rd3 h5 25. Qd1 Rd8 26. Rxd8 Nxd8 27. Qd3 Ne6 28. Nb1 Bc5 29. Nd2 Qc8 30. Nf3 Bxe3 31. Qxe3 Qxa6 32. Qc3 Nd4 33. Nxd4 exd4 34. Qxd4 Qb5 35. c4 Qb4 36. e5 a5 37. Kh2 a4 38. Qd8+ Kg7 39. Qf6+ Kg8 40. Qxc6 Qxb2 41. Qe8+ Kg7 42. Qxa4 Qxe5+ 43. g3 Qc5 44. Qa1+ f6 45. Kg2 g5 46. Qa7+ Kg6 47. Qd7 Qe5 48. Qc8 1-0

[Event "December 12 Early 2023"]
[Site "https://www.chess.com"]
[Date "2023.12.12"]
[Round "1"]
[White "Skurikhin, Dmitrij"]
[Black "Omelja, Artem"]
[Result "0-1"]
[Board "144"]
[TimeControl "180+1"]
[WhiteFideId "4161297"]
[BlackFideId "14119846"]
[WhiteElo "2350"]
[BlackElo "2639"]
[WhiteTeam "RUS"]
[BlackTeam "UKR"]
[WhiteClock "0:00:00"]
[BlackClock "0:00:03"]

1. d4 d5 2. Nf3 Nf6 3. c4 c6 4. Nc3 e6 5. cxd5 exd5 6. Bg5 Be7 7. e3 Bf5 8. Bd3 Bxd3 9. Qxd3 Nbd7 10. O-O O-O 11. a3 Re8 12. b4 a6 13. Rac1 Ne4 14. Bxe7 Qxe7 15. Nd2 f5 16. Na4 Rf8 17. Nc5 Ndf6 18. Nf3 Rae8 19. Ne5 Ng4 20. f4 Qh4 21. h3 Ngf2 22. Qe2 Qg3 23. Rxf2 Nxf2 24. Qxf2 Qxf2+ 25. Kxf2 Re7 26. a4 g6 27. a5 Kg7 28. h4 h6 29. Ncd3 Rfe8 30. Nc5 Rh8 31. g3 g5 32. h5 Rg8 33. Ncd3 Kf6 34. Nf3 gxf4 35. gxf4 Reg7 36. Rg1 Rxg1 37. Nxg1 Rg4 38. Nf3 Rg7 39. Nde5 Ke6 40. Nd3 Rf7 41. Nc5+ Kd6 42. Nd3 Rg7 43. Nc5 Re7 44. Nd3 Kc7 45. Nde5 Re6 46. Nd3 b6 47. Nfe5 Rf6 48. Kf3 Rf8 49. Ng6 Rb8 50. Ne7 bxa5 51. bxa5 Rb5 52. Nc5 Rxa5 53. Nxf5 Ra1 54. Nxh6 a5 55. Nf7 a4 56. h6 Rh1 57. Nxa4 Kd7 58. Nc5+ Ke7 59. Ng5 Rxh6 60. e4 dxe4+ 61. Kxe4 Rh1 0-1

[Event "December 12 Early 2023"]
[Site "https://www.chess.com"]
[Date "2023.12.12"]
[Round "1"]
[White "Renjith, Sravan"]
[Black "Seder, Mohammed"]
[Result "1-0"]
[Board "145"]
[TimeControl "180+1"]
[WhiteFideId "4306783"]
[BlackFideId "11505567"]
[WhiteElo "2635"]
[BlackElo "2348"]
[WhiteTeam "NZL"]
[BlackTeam "PLE"]
[WhiteClock "0:00:34"]
[BlackClock "0:00:02"]

1. e4 e6 2. d4 d5 3. exd5 exd5 4. Nf3 Bd6 5. Bd3 Ne7 6. O-O O-O 7. Re1 Nbc6 8. c3 Bf5 9. Ne5 Bxd3 10. Qxd3 f6 11. Nxc6 Nxc6 12. Qf3 Kh8 13. Bf4 Re8 14. Nd2 Bxf4 15. Qxf4 Qd7 16. Nf3 Na5 17. h4 Nc4 18. b3 Nd6 19. h5 h6 20. Nh4 Kh7 21. Qg3 Ne4 22. Qg6+ Kh8 23. Nf5 Nxc3 24. Rxe8+ Rxe8 25. Nxg7 Ne2+ 26. Kh1 Re7 27. Nf5 Rh7 28. Qxf6+ Kg8 29. Nxh6+ Rxh6 30. Qxh6 Qe7 31. Qg6+ Kh8 32. Qg4 c5 33. dxc5 d4 34. Rd1 Nc3 35. Qxd4+ Qf6 36. Qxf6+ 1-0

[Event "December 12 Early 2023"]
[Site "https://www.chess.com"]
[Date "2023.12.12"]
[Round "1"]
[White "Adamczyk, Zuzanna"]
[Black "Ovetchkin, Roman"]
[Result "0-1"]
[Board "146"]
[TimeControl "180+1"]
[WhiteFideId "1187570"]
[BlackFideId "4119991"]
[WhiteElo "2345"]
[BlackElo "2634"]
[WhiteTeam "POL"]
[BlackTeam "RUS"]
[WhiteClock "0:00:01"]
[BlackClock "0:00:13"]

1. d4 Nf6 2. Nf3 g6 3. g3 Bg7 4. Bg2 O-O 5. O-O d6 6. c4 c6 7. Nc3 Bf5 8. b3 Ne4 9. Bb2 Nxc3 10. Bxc3 Be4 11. Qc1 Nd7 12. Nd2 Bxg2 13. Kxg2 a5 14. a3 Qb6 15. Qb2 a4 16. b4 d5 17. e4 dxc4 18. Nxc4 Qb5 19. Ne3 Nb6 20. d5 Bxc3 21. Qxc3 cxd5 22. Qc5 Qxc5 23. bxc5 Nd7 24. Nxd5 Nxc5 25. Nxe7+ Kg7 26. f3 Nb3 27. Rad1 Rfd8 28. Nd5 Rac8 29. Nb6 Rc2+ 30. Kh3 Rd4 31. Rxd4 Nxd4 32. Nxa4 b5 33. Nb6 Ra2 34. f4 Rxa3 35. Rd1 Nf3 36. Kg2 g5 37. fxg5 Nxg5 38. e5 Ra2+ 39. Kf1 Nf3 40. Rd7 Nxh2+ 41. Ke1 Nf3+ 42. Kd1 Nxe5 43. Rd5 Nc4 44. Rxb5 Nxb6 45. Rxb6 Ra3 46. g4 Ra4 47. g5 Ra5 48. Ke2 Rxg5 49. Kf3 h5 50. Ra6 h4 51. Ra4 Rh5 52. Kg2 Kg6 53. Kh3 Kg5 54. Ra5+ f5 55. Rb5 Rh8 56. Rb1 Re8 57. Rg1+ Kh5 58. Rf1 Re3+ 59. Kh2 Kg4 60. Rg1+ Rg3 61. Ra1 h3 62. Ra4+ f4 63. Rb4 Rg2+ 64. Kh1 Re2 65. Rb3 f3 66. Rb8 Re1+ 67. Kh2 f2 68. Rg8+ Kh5 69. Rh8+ Kg6 70. Rg8+ Kh7 71. Rg4 f1=Q 72. Rh4+ Kg6 73. Rg4+ Kf5 74. Rf4+ Qxf4+ 75. Kxh3 Qf3+ 76. Kh4 Rh1# 0-1

[Event "December 12 Early 2023"]
[Site "https://www.chess.com"]
[Date "2023.12.12"]
[Round "1"]
[White "Thorfinnsson, Bjorn"]
[Black "Buscar, Michael"]
[Result "1-0"]
[Board "147"]
[TimeControl "180+1"]
[WhiteFideId "2300982"]
[BlackFideId "2603616"]
[WhiteElo "2631"]
[BlackElo "2344"]
[WhiteTeam "ISL"]
[BlackTeam "CAN"]
[WhiteClock "0:01:42"]
[BlackClock "0:01:18"]

1. d4 Nf6 2. Nf3 e6 3. Bg5 c5 4. e3 cxd4 5. exd4 b6 6. c3 Bb7 7. Nbd2 Be7 8. Bd3 d6 9. h3 Nbd7 10. Bf4 Nf8 11. O-O Ng6 12. Bh2 O-O 13. Re1 Qd7 14. a4 a6 15. Qb3 Qc6 16. Rac1 Bd8 17. c4 Bc7 18. d5 Qd7 19. dxe6 fxe6 20. Qc2 Qf7 21. Ng5 Qe8 22. Rxe6 Qd7 23. Bxg6 hxg6 24. Qxg6 Rae8 25. Rxf6 Rxf6 26. Qh7+ Kf8 27. Qh8+ Ke7 28. Qxg7+ Kd8 29. Qxf6+ Kc8 30. Bg3 Qc6 31. Ndf3 Kb8 32. Ne6 1-0

[Event "December 12 Early 2023"]
[Site "https://www.chess.com"]
[Date "2023.12.12"]
[Round "1"]
[White "Harriott, Tyrell"]
[Black "Rojas Alarcon, Julian Antonio"]
[Result "0-1"]
[Board "148"]
[TimeControl "180+1"]
[WhiteFideId "2086484"]
[BlackFideId "5107407"]
[WhiteElo "2344"]
[BlackElo "2631"]
[WhiteTeam "USA"]
[BlackTeam "MEX"]
[WhiteClock "0:00:37"]
[BlackClock "0:01:38"]

1. d4 Nf6 2. e3 g6 3. Bd3 Bg7 4. f4 d6 5. Nf3 Nc6 6. c3 e5 7. Bc2 Qe7 8. O-O O-O 9. f5 e4 10. Nh4 Nd5 11. g3 g5 12. Ng2 h6 13. Qg4 Nf6 14. Qe2 a5 15. Nd2 b6 16. b3 d5 17. c4 Ba6 18. a4 Nb4 19. Ba3 c5 20. Bxb4 axb4 21. Rad1 Rac8 22. h4 Rfd8 23. hxg5 hxg5 24. Rfe1 Qd6 25. Qf2 Ng4 26. Qe2 Qxg3 27. Nf1 Qf3 28. dxc5 bxc5 29. Nh2 Qxe2 30. Rxe2 Nxh2 31. Kxh2 dxc4 32. Red2 Rxd2 33. Rxd2 cxb3 34. Bxe4 c4 35. Rd6 Be5+ 36. Kh3 Bxd6 37. Kg4 c3 38. Kxg5 c2 39. Nh4 c1=Q 40. f6 Qxe3+ 41. Kf5 Qf4# 0-1

[Event "December 12 Early 2023"]
[Site "https://www.chess.com"]
[Date "2023.12.12"]
[Round "1"]
[White "Kokoszczynski, Jan"]
[Black "Evdokimov, Alexey"]
[Result "1-0"]
[Board "149"]
[TimeControl "180+1"]
[WhiteFideId "1174460"]
[BlackFideId "24162450"]
[WhiteElo "2630"]
[BlackElo "2343"]
[WhiteTeam "POL"]
[BlackTeam "RUS"]
[WhiteClock "0:00:08"]
[BlackClock "0:00:16"]

1. d4 Nf6 2. c4 g6 3. Nf3 Bg7 4. g3 O-O 5. Bg2 d6 6. O-O c5 7. Nc3 Nc6 8. d5 Na5 9. Nd2 a6 10. Qc2 Rb8 11. b3 b5 12. Bb2 e5 13. dxe6 Bxe6 14. cxb5 axb5 15. Rfd1 d5 16. Rac1 Qe7 17. e4 d4 18. Nd5 Bxd5 19. exd5 Nb7 20. d6 Qxd6 21. Bxb7 Rxb7 22. Qxc5 Rd7 23. Qxd6 Rxd6 24. Ba3 Rdd8 25. Bxf8 Bxf8 26. a4 bxa4 27. bxa4 Bh6 28. a5 Nd5 29. f4 Nc3 30. Re1 Bf8 31. a6 Ra8 32. Ra1 d3 33. Kg2 Bc5 34. Ne4 Bd4 35. Ra3 Nxe4 36. Rxe4 Bc5 37. Rxd3 Rxa6 38. Re2 Kg7 39. Rc2 Be7 40. Rd7 Bd6 41. Rb2 Bc5 42. Rbb7 Rf6 43. Kf3 h5 44. h3 Ba3 45. Rb3 Bc1 46. Rd1 Rc6 47. Rdd3 Re6 48. h4 Re1 49. Rd7 Re6 50. Rd1 Rc6 51. Rd7 Rf6 52. Rbb7 Ba3 53. Rb3 Bf8 54. Rc7 Bd6 55. Ra7 Bc5 56. Rd7 Re6 57. Rbb7 Re3+ 58. Kg2 Re2+ 59. Kf1 Rf2+ 60. Ke1 Rh2 61. Rxf7+ Kg8 62. Rg7+ Kf8 63. Rgc7 Be7 64. Rc8+ Kf7 65. Rcc7 Rh1+ 66. Ke2 Rb1 67. Rxe7+ Kf6 68. Rxb1 Kxe7 69. Rb6 1-0

[Event "December 12 Early 2023"]
[Site "https://www.chess.com"]
[Date "2023.12.12"]
[Round "1"]
[White "Gruzman, Ilya"]
[Black "Sahib Singh"]
[Result "1-0"]
[Board "150"]
[TimeControl "180+1"]
[WhiteFideId "2812703"]
[BlackFideId "25618342"]
[WhiteElo "2338"]
[BlackElo "2629"]
[WhiteTeam "ISR"]
[BlackTeam "IND"]
[WhiteClock "0:00:38"]
[BlackClock "0:00:00"]

1. d4 d5 2. c4 e6 3. Nf3 c6 4. e3 Bd6 5. Nc3 f5 6. Bd3 Nf6 7. O-O O-O 8. Qb3 Kh8 9. Ne5 Bxe5 10. dxe5 Ng4 11. f4 d4 12. Nd1 Na6 13. h3 Nc5 14. Qc2 Nxe3 15. Nxe3 dxe3 16. Be2 Qd4 17. Rf3 Qe4 18. Qc3 Bd7 19. Bxe3 b6 20. b4 Na4 21. Qb3 c5 22. b5 g5 23. Bd3 Qb7 24. Qxa4 a6 25. Qc2 axb5 26. cxb5 Rfc8 27. Bc4 g4 28. hxg4 fxg4 29. Rg3 Rg8 30. Qc3 Raf8 31. Rf1 h5 32. Kf2 Qe4 33. Rh1 Rg5 34. Kg1 Rxf4 35. Bxf4 Qxf4 36. Qe3 Qf5 37. Bd3 Qxe5 38. Qxe5+ Rxe5 39. Kf2 Kg7 40. Re3 Rd5 41. a4 Kf6 42. Rb1 Rd4 43. a5 c4 44. axb6 cxd3 45. b7 d2 46. Rd1 Bxb5 47. b8=Q Rf4+ 48. Kg3 1-0

[Event "December 12 Early 2023"]
[Site "https://www.chess.com"]
[Date "2023.12.12"]
[Round "1"]
[White "Tanriverdi, Enes"]
[Black "Filippova, Margarita"]
[Result "1-0"]
[Board "151"]
[TimeControl "180+1"]
[WhiteFideId "34543279"]
[BlackFideId "34199680"]
[WhiteElo "2627"]
[BlackElo "2338"]
[WhiteTeam "TUR"]
[BlackTeam "RUS"]
[WhiteClock "0:01:45"]
[BlackClock "0:01:08"]

1. Nf3 d5 2. d4 Nf6 3. c4 e6 4. Nc3 c6 5. g3 Nbd7 6. Bg2 dxc4 7. O-O Be7 8. e4 b5 9. e5 Nd5 10. Ne4 Bb7 11. h4 c5 12. Bg5 f6 13. exf6 gxf6 14. Bh6 Qb6 15. a4 a6 16. axb5 axb5 17. Rxa8+ Bxa8 18. Re1 Kf7 19. Nfg5+ fxg5 20. Qh5+ Kg8 21. Nxg5 Bxg5 22. Qe8+ 1-0

[Event "December 12 Early 2023"]
[Site "https://www.chess.com"]
[Date "2023.12.12"]
[Round "1"]
[White "Nugumanov, Bakhtiyar"]
[Black "Dobrikov, Marco"]
[Result "0-1"]
[Board "152"]
[TimeControl "180+1"]
[WhiteFideId "13701797"]
[BlackFideId "12950378"]
[WhiteElo "2336"]
[BlackElo "2627"]
[WhiteTeam "KAZ"]
[BlackTeam "GER"]
[WhiteClock "0:00:01"]
[BlackClock "0:00:59"]

1. d4 Nf6 2. c4 g6 3. Nc3 d5 4. cxd5 Nxd5 5. e4 Nxc3 6. bxc3 Bg7 7. Nf3 c5 8. Bb5+ Bd7 9. Rb1 Qa5 10. Bxd7+ Nxd7 11. O-O b6 12. a4 Qxc3 13. d5 Qc4 14. Re1 e5 15. Nd2 Qd3 16. Rb3 Qa6 17. Qc2 O-O 18. Rb5 Nf6 19. Nc4 Rfd8 20. Nxe5 Re8 21. Bb2 Nh5 22. Nc6 Bxb2 23. Rxb2 Nf4 24. Rb5 Nxd5 25. h4 Nf4 26. Rd1 Qc8 27. Rd6 Qg4 28. f3 Qxh4 29. Qd2 Qg3 30. Rb1 Nxg2 31. Rd7 Ne3+ 32. Kh1 Qxf3+ 33. Kg1 Rxe4 0-1

[Event "December 12 Early 2023"]
[Site "https://www.chess.com"]
[Date "2023.12.12"]
[Round "1"]
[White "Manukyan, Sargis A."]
[Black "Franchini, Gabriele"]
[Result "1-0"]
[Board "153"]
[TimeControl "180+1"]
[WhiteFideId "13303970"]
[BlackFideId "806790"]
[WhiteElo "2626"]
[BlackElo "2335"]
[WhiteTeam "ARM"]
[BlackTeam "ITA"]
[WhiteClock "0:00:18"]
[BlackClock "0:00:02"]

1. d4 d5 2. c4 e6 3. Nc3 Nf6 4. Bg5 Be7 5. Nf3 h6 6. Bh4 c6 7. e3 O-O 8. cxd5 exd5 9. Qc2 Re8 10. Bd3 Ne4 11. Bxe7 Qxe7 12. O-O Bf5 13. Ne5 Nd7 14. Nxe4 dxe4 15. Bc4 Nxe5 16. dxe5 Qxe5 17. Qb3 Qf6 18. Qxb7 a5 19. b3 h5 20. Qc7 h4 21. Rad1 h3 22. Rd6 Be6 23. Qxc6 Qg5 24. g3 Qg4 25. Bxe6 fxe6 26. Rd4 Rac8 27. Qxe4 Qe2 28. Rc4 Rcd8 29. Qg4 Qxa2 30. Rc7 Qb2 31. Qxh3 Qxb3 32. Qh5 Rf8 33. Qg6 Qb2 34. Qxe6+ Kh8 35. Qh3+ Kg8 36. Qg4 Qe5 37. Qc4+ Kh8 38. Rc5 Qe7 39. Rh5# 1-0

[Event "December 12 Early 2023"]
[Site "https://www.chess.com"]
[Date "2023.12.12"]
[Round "1"]
[White "Zeneli, Klendi"]
[Black "Antunez Soler, Luis"]
[Result "0-1"]
[Board "154"]
[TimeControl "180+1"]
[WhiteFideId "4706609"]
[BlackFideId "3513335"]
[WhiteElo "2335"]
[BlackElo "2625"]
[WhiteTeam "ALB"]
[BlackTeam "CUB"]
[WhiteClock "0:01:13"]
[BlackClock "0:02:33"]

1. e4 e6 2. d4 d5 3. Nc3 Nf6 4. e5 Nfd7 5. f4 c5 6. Nf3 Nc6 7. Be3 a6 8. a3 b5 9. Qd2 Qa5 10. dxc5 Bxc5 11. Bxc5 Nxc5 12. Be2 b4 13. Na2 Ne4 14. axb4 Qb6 15. Qd3 Qf2+ 16. Kd1 Qxg2 17. Rg1 Qxg1+ 18. Nxg1 Nf2+ 19. Kd2 Nxd3 20. Bxd3 Rb8 21. c3 a5 22. b5 Na7 23. Nc1 Nxb5 24. Rxa5 Nc7 25. Nf3 Rxb2+ 0-1

[Event "December 12 Early 2023"]
[Site "https://www.chess.com"]
[Date "2023.12.12"]
[Round "1"]
[White "Skliarov, Viktor"]
[Black "De Arruda, Leandro Formes"]
[Result "1-0"]
[Board "155"]
[TimeControl "180+1"]
[WhiteFideId "14106736"]
[BlackFideId "22722009"]
[WhiteElo "2624"]
[BlackElo "2331"]
[WhiteTeam "UKR"]
[BlackTeam "BRA"]
[WhiteClock "0:02:21"]
[BlackClock "0:02:37"]

1. e4 e6 2. d4 d5 3. e5 c5 4. c3 Nc6 5. Nf3 Qb6 6. a3 a5 7. Bd3 Bd7 8. Bc2 cxd4 9. cxd4 Nge7 10. Nc3 Nf5 11. Bxf5 exf5 12. Nxd5 Qd8 13. Nc3 Qc7 14. O-O g6 15. d5 Nxe5 16. Nxe5 Qxe5 17. Re1 1-0

[Event "December 12 Early 2023"]
[Site "https://www.chess.com"]
[Date "2023.12.12"]
[Round "1"]
[White "Dubreuil, Julien"]
[Black "Kavyev, Ruslan"]
[Result "0-1"]
[Board "156"]
[TimeControl "180+1"]
[WhiteFideId "621285"]
[BlackFideId "34110981"]
[WhiteElo "2328"]
[BlackElo "2619"]
[WhiteTeam "FRA"]
[BlackTeam "RUS"]
[WhiteClock "0:00:57"]
[BlackClock "0:00:21"]

1. e4 c5 2. Nf3 e6 3. d4 cxd4 4. Bg5 Qb6 5. Qxd4 Nc6 6. Qxb6 axb6 7. c3 h6 8. Be3 Nf6 9. Bxb6 Nxe4 10. Nbd2 Nc5 11. Bb5 Na4 12. Bxa4 Rxa4 13. O-O d5 14. Rfe1 Bd7 15. b3 Ra6 16. Be3 Be7 17. Nd4 Nxd4 18. Bxd4 O-O 19. a4 Rfa8 20. Rad1 b5 21. axb5 Bxb5 22. c4 Bc6 23. Nf3 dxc4 24. bxc4 Bxf3 25. gxf3 Rc6 26. Kh1 Rxc4 27. Rg1 Rd8 28. Rxg7+ Kf8 29. Rdg1 Bg5 30. Rd1 Rcxd4 31. Rg1 Kxg7 0-1

[Event "December 12 Early 2023"]
[Site "https://www.chess.com"]
[Date "2023.12.12"]
[Round "1"]
[White "Kim, Sergey"]
[Black "Hercegovac, Neven"]
[Result "0-1"]
[Board "157"]
[TimeControl "180+1"]
[WhiteFideId "13700570"]
[BlackFideId "2839135"]
[WhiteElo "2619"]
[BlackElo "2327"]
[WhiteTeam "KAZ"]
[BlackTeam "ITA"]
[WhiteClock "0:00:30"]
[BlackClock "0:00:14"]

1. d4 Nf6 2. c4 c5 3. d5 e6 4. Nc3 exd5 5. cxd5 d6 6. e4 g6 7. Nge2 h5 8. Bg5 Bg7 9. Qd2 a6 10. a4 Nbd7 11. h4 Qc7 12. Ng3 O-O 13. Be2 Rb8 14. O-O Re8 15. f4 c4 16. e5 dxe5 17. f5 b5 18. axb5 axb5 19. Nce4 Nxe4 20. Nxe4 Nc5 21. Nf6+ Bxf6 22. Bxf6 Ne4 23. Qh6 Qb6+ 24. Kh2 Qxf6 25. fxg6 Qxg6 26. Qe3 Bg4 27. Ra7 Bxe2 28. Rfxf7 Bd3 29. d6 Qg3+ 30. Qxg3+ Nxg3 31. Kxg3 Rf8 32. Rg7+ Kh8 33. Rge7 Rbe8 34. Reb7 Rg8+ 35. Kf2 Be4 36. Ke3 Bxb7 37. Rxb7 Rg7 38. Rxb5 Rd7 39. Rd5 Re6 40. Ke4 Rdxd6 41. Rc5 Rd4+ 42. Kf5 Re8 43. Kg5 e4 44. Rc7 e3 45. Kg6 Rd6+ 0-1

[Event "December 12 Early 2023"]
[Site "https://www.chess.com"]
[Date "2023.12.12"]
[Round "1"]
[White "Chlpik, Martin"]
[Black "Ingebretsen, Jens E"]
[Result "1/2-1/2"]
[Board "158"]
[TimeControl "180+1"]
[WhiteFideId "14923351"]
[BlackFideId "1522965"]
[WhiteElo "2327"]
[BlackElo "2617"]
[WhiteTeam "SVK"]
[BlackTeam "NOR"]
[WhiteClock "0:00:06"]
[BlackClock "0:00:08"]

1. d4 d5 2. c4 e6 3. Nc3 Nf6 4. cxd5 Nxd5 5. Nf3 c5 6. e4 Nxc3 7. bxc3 cxd4 8. cxd4 Bb4+ 9. Bd2 Bxd2+ 10. Qxd2 O-O 11. Bd3 Nc6 12. e5 g6 13. Qc3 Qa5 14. Qxa5 Nxa5 15. h4 b6 16. Be4 Bb7 17. Bxb7 Nxb7 18. h5 Rac8 19. hxg6 hxg6 20. Ng5 Kg7 21. Ne4 Rh8 22. Kd2 Na5 23. Kd3 Nc4 24. Rxh8 Nb2+ 25. Kd2 Nc4+ 26. Kd3 Nb2+ 27. Kd2 Kxh8 28. Rh1+ Kg7 29. Nf6 Nc4+ 30. Kd3 Nb2+ 31. Kd2 g5 32. Ne4 Kg6 33. g4 Nc4+ 34. Kd3 Nb2+ 35. Kd2 Rc4 36. Ke3 Ra4 37. Rh5 Ra3+ 38. Ke2 Rxa2 39. Rxg5+ Kh6 40. Rh5+ Kg7 41. Kf3 Nc4 42. Nf6 Ra3+ 43. Kf4 Nd2 44. Rg5+ Kh6 45. Ng8+ Kh7 46. Nf6+ Kh6 47. Ng8+ Kh7 48. Nf6+ Kh6 1/2-1/2

[Event "December 12 Early 2023"]
[Site "https://www.chess.com"]
[Date "2023.12.12"]
[Round "1"]
[White "Jia, Haoxiang"]
[Black "IranianCheetah"]
[Result "1-0"]
[Board "159"]
[TimeControl "180+1"]
[WhiteFideId "8602999"]
[WhiteElo "2616"]
[BlackElo "2323"]
[WhiteTeam "CHN"]
[WhiteClock "0:00:45"]
[BlackClock "0:00:00"]

1. e4 e5 2. Nf3 Nc6 3. Bb5 a6 4. Ba4 Nf6 5. d3 b5 6. Bb3 Bc5 7. O-O d6 8. c3 O-O 9. Bg5 h6 10. Bh4 g5 11. Bg3 Re8 12. Nbd2 Bg4 13. a4 Rb8 14. axb5 axb5 15. Qc2 Qd7 16. Rfe1 Kg7 17. Bd5 Ne7 18. d4 Nexd5 19. dxc5 Nf4 20. cxd6 cxd6 21. Bxf4 gxf4 22. Ra6 Re6 23. Qd3 b4 24. c4 b3 25. Rea1 Bxf3 26. Qxf3 Qb7 27. g3 Qb4 28. Qd3 fxg3 29. hxg3 Nd7 30. Ra7 Nc5 31. Qf3 Rf6 32. Qg4+ Kh7 33. Qh4 Kg7 34. Nf1 Rb7 35. Rxb7 Qxb7 36. Nd2 Qb4 37. Qg4+ Rg6 38. Qe2 h5 39. Ra7 h4 40. Qf3 Nb7 41. Nf1 hxg3 42. Nxg3 Qe1+ 43. Kg2 Qd2 44. Rxb7 Qxb2 45. Qxf7+ 1-0

[Event "December 12 Early 2023"]
[Site "https://www.chess.com"]
[Date "2023.12.12"]
[Round "1"]
[White "Eggleston, Thomas A"]
[Black "Borgaonkar Akshay"]
[Result "0-1"]
[Board "160"]
[TimeControl "180+1"]
[WhiteFideId "412139"]
[BlackFideId "25639110"]
[WhiteElo "2322"]
[BlackElo "2616"]
[WhiteTeam "ENG"]
[BlackTeam "IND"]
[WhiteClock "0:00:00"]
[BlackClock "0:00:10"]

1. e4 e6 2. d4 d5 3. exd5 exd5 4. Nf3 Nf6 5. Bd3 Bd6 6. Qe2+ Qe7 7. Ne5 Nbd7 8. f4 c5 9. c3 O-O 10. O-O b6 11. Nd2 Bb7 12. g4 cxd4 13. cxd4 Rac8 14. g5 Ne4 15. Nxe4 dxe4 16. Bxe4 Bxe4 17. Qxe4 f6 18. Qd5+ Kh8 19. Nc6 Qe2 20. Qxd6 Qg4+ 21. Kh1 Rfe8 22. Qd5 Re2 23. Nxa7 Qh3 0-1